 Dungeon Crawl Stone Soup version 0.22-a0-782-g038298e (webtiles) character file.

18 iamserjio the Sneak (level 2, 0/18 HPs)
             Began as an Octopode Air Elementalist on July 19, 2018.
             Slain by a goblin (2 damage)
             ... on level 1 of the Dungeon.
             The game lasted 00:03:11 (476 turns).

iamserjio the Sneak (Octopode Air Elementalist)      Turns: 476, Time: 00:03:12

Health: 0/18       AC:  1    Str:  7    XL:     2   Next: 66%
Magic:  1/5        EV: 14    Int: 17    God:
Gold:   15         SH:  0    Dex: 12    Spells: 4/5 levels left

rFire    . . .     SeeInvis .   g - +0 short sword
rCold    . . .     Gourm    .   (no shield)
rNeg     . . .     Faith    .   (helmet restricted)
rPois    .         Spirit   .   (no amulet)
rElec    .         Reflect  .   (no ring)
rCorr    .         Harm     .   (no ring)
MR       .....                  (no ring)
Stlth    +++.......             (no ring)
HPRegen  0.06/turn              (no ring)
MPRegen  0.09/turn              (no ring)
                                (no ring)
                                (no ring)

@: very slightly contaminated
A: almost no armour, stealthy swim, amphibious, 8 rings, constrict 8, camouflage
1, gelatinous body 1
a: no special abilities


You were on level 1 of the Dungeon.
You were not hungry.

You visited 1 branch of the dungeon, and saw 2 of its levels.

You collected 15 gold pieces.

Inventory:

Hand Weapons
 d - a +0 dagger
 g - a +0 short sword (weapon)
Missiles
 a - 24 stones (quivered)
Scrolls
 c - a scroll of enchant weapon {unknown}
 e - a scroll of remove curse {unknown}
 f - a scroll of fear {unknown}
 h - a scroll of identify {unknown}
 j - 3 scrolls of noise {unknown}
Comestibles
 b - 2 rations
 k - 3 chunks of flesh


   Skills:
 + Level 0.9 Fighting
 * Level 2.6 Dodging
 + Level 3.2 Stealth
 - Level 2.0 Spellcasting
 - Level 1.0 Conjurations
 - Level 3.0 Air Magic


You had 4 spell levels left.
You knew the following spells:

 Your Spells              Type           Power        Failure   Level  Hunger
a - Shock                 Conj/Air       #...         9%          1    #......

Your spell library contained the following spells:

 Spells                   Type           Power        Failure   Level  Hunger
 Lightning Bolt           Conj/Air       #.........   93%         5    ######.
 Swiftness                Chrm/Air       #.......     16%         2    ###....
 Airstrike                Air            ##........   50%         4    #####..
 Static Discharge         Conj/Air       #.......     26%         3    ###....


Dungeon Overview and Level Annotations

Branches:
Dungeon (2/15)

Altars:


Innate Abilities, Weirdness & Mutations

You cannot wear most types of armour.
You are very stealthy in the water. (Stealth+)
You are amphibious.
You can wear up to eight rings at the same time.
You can use your tentacles to constrict eight enemies at once.
Your skin changes colour to match your surroundings (Stealth+).
Your rubbery body absorbs attacks. (AC +1, EV +1)


Message History

The jackal bites you.
You hit the jackal.
You kill the jackal!
The jackal bites you.
You closely miss the jackal. Your grab misses the jackal.
The jackal is moderately wounded.
The jackal bites you.
* * * LOW HITPOINT WARNING * * *
You barely miss the jackal. You grab the jackal.
The jackal is moderately wounded.
You constrict the jackal. The jackal barely misses you. The jackal bites you.
* * * LOW HITPOINT WARNING * * *
You hit the jackal.
You kill the jackal!
You hit the goblin but do no damage. You grab the goblin.
You constrict the goblin, but do no damage.
The goblin misses you.
You hit the goblin but do no damage. You constrict the goblin.
The goblin hits you.
You die...

....###....#...#....#.....#
......'....'.#.###..#.....#
#######....###......#######
...........# #.####.#
#######.#### #...##'##### .
#.######..........# ###
#......#..........# #.#
#......##.........#
#.###.#......###@##'#####
......#.########g##.#
#######.##......s.#.#
........##...†....#.#
##########........#.#
#..........# #...?......#
#.........># #........#.#


You could see a giant cockroach and a goblin.

Vanquished Creatures
  A dart slug (D:1)
  A bat (D:1)
  2 hobgoblins (D:1)
  4 jackals (D:1)
  2 kobolds
  2 frilled lizards (D:1)
  2 rats (D:1)
14 creatures vanquished.

Notes
Turn   | Place    | Note
-------+----------+-------------------------------------------
     0 | D:1      | iamserjio the Octopode Air Elementalist began the quest for the Orb.
     0 | D:1      | Reached XP level 1. HP: 11/11 MP: 3/3
    69 | D:1      | You fall through a shaft!
   202 | D:1      | Reached XP level 2. HP: 17/18 MP: 5/5
   476 | D:1      | Slain by a goblin

Vault maps used:
D:1:      noname_arrival_rooms_in_the_neighbourhood
D:2:      evilmike_ruin_ashenzari, uniq_natasha

Skill      XL: |  1 |
---------------+----+-----
Stealth        | 3 |  3.2
Fighting       | |  0.9
Dodging        | |  2.6
Spellcasting   | |  2.0
Conjurations   | |  1.0
Air Magic      | |  3.0

Action                   || total
-------------------------++-------
Melee: Dagger            ||     5
       Short sword       ||    26
       Constrict         ||     5
       Unarmed           ||     1
 Cast: Shock             ||     4
  Use: Potion            ||     1
 Stab: Sleeping          ||     6
       Distracted        ||     1
Dodge: Dodged            ||    19

Table legend:
 A = Spawn XP
 B = Non-spawn XP
 C = Spawn XP percentage of total XP
 D = Spawn monster count
 E = Non-spawn monster count
 F = Spawn count percentage of total count
 G = Total turns spent on level
                    A         B        C        D         E        F      G
               +---------+---------+-------+---------+---------+-------+---------
         Total |       0 |      26 |   0.0 |       0 |      14 |   0.0 |   476
               +---------+---------+-------+---------+---------+-------+---------
           D:1 |       0 |      24 |   0.0 |       0 |      13 |   0.0 |   420
           D:2 |       0 |       2 |   0.0 |       0 |       1 |   0.0 |    56
               +---------+---------+-------+---------+---------+-------+---------
